 Dungeon Crawl Stone Soup version 0.30.1-10-g1249ef9ec4 (webtiles) character file.

Game seed: 3992702576970934173

199 lonewolfV2 the Covered (level 5, -1/41 HPs)
             Began as a Demonspawn Fighter on Oct 26, 2023.
             Was a Believer of Uskayaw.
             Slain by a gnoll
             ... wielding a +0 halberd
              (12 damage)
             ... on level 3 of the Dungeon.
             The game lasted 00:03:20 (1825 turns).

lonewolfV2 the Covered (Demonspawn Fighter)         Turns: 1825, Time: 00:03:20

Health: -1/41      AC:  8    Str: 18    XL:     5   Next: 48%
Magic:  5/5        EV: 10    Int:  9    God:    Uskayaw [**....]
Gold:   129        SH:  9    Dex: 13    Spells: 4/4 levels left

rFire   . . .        a - +0 war axe (heavy)
rCold   . . .        c - +0 buckler
rNeg    . . .        b - +0 scale mail
rPois   .            (helmet restricted)
rElec   .            f - +0 cloak
rCorr   .            (no gloves)
SInv    .            (no boots)
Will    .....        m - amulet of reflection Stlth
                     (no ring)
HPRegen 0.26/turn    (no ring)
MPRegen 0.09/turn

%: reflection
@: no status effects
A: horns 1, demonic magic 1, weakness stinger 1
a: Renounce Religion, Stomp, Line Pass


You were on level 3 of the Dungeon.
You worshipped Uskayaw.
Uskayaw was noncommittal.
You visited 1 branch of the dungeon, and saw 3 of its levels.

You collected 129 gold pieces.

Inventory:

Hand Weapons
 a - a +0 heavy war axe (weapon)
Armour
 b - a +0 scale mail (worn)
 c - a +0 buckler (worn)
 f - a +0 cloak (worn)
Jewellery
 m - an amulet of reflection (around neck)
 o - a ring of flight
Wands
 l - a wand of digging (4)
Scrolls
 g - a scroll of immolation
 k - 2 scrolls of identify {unknown}
Potions
 d - 3 potions of might
 e - a potion of lignification {unknown}
 h - a potion of magic {unknown}
 i - a potion of flight {unknown}
 j - a potion of resistance {unknown}


   Skills:
 - Level 3.0 Fighting
 - Level 1.8 Axes
 + Level 3.8 Armour
 * Level 3.6 Dodging
 - Level 2.7 Shields
 + Level 1.0 Invocations


You had 4 spell levels left.
You didn't know any spells.
Your spell library contained the following spells:

 Spells                   Type           Power      Damage    Failure   Level
 Ozocubu's Armour         Ice            0%         N/A       99%         3
 Ozocubu's Refrigeration  Ice            0%         4d7       100%        7


Dungeon Overview and Level Annotations

Branches:
Dungeon (3/15)

Altars:
Uskayaw

Shops:
D:3 ?


Innate Abilities, Weirdness & Mutations

You have a pair of small horns on your head.
Spells you cast may paralyse adjacent enemies.
You have a small tail.


Message History

You feel very sick. You block the adder's attack. The adder bites you.
You block the adder's attack.
You feel sick. You block the adder's attack.
You feel sick. You block the adder's attack.
You barely miss the adder.
You feel sick.
You are no longer poisoned.
You block the adder's attack. The adder closely misses you.
The adder barely misses you.
You closely miss the adder. The adder closely misses you.
The adder barely misses you. The adder bites you but does no damage.
You barely miss the adder. You block the adder's attack. The adder bites you.
You are poisoned.
The adder poisons you! The adder bites you.
You barely miss the adder.
You feel very sick. The adder bites you. You block the adder's attack.
Unknown command.
You slice the adder!!
You kill the adder!
You feel sick. You block the gnoll's attack.
You slash the gnoll!
You headbutt the gnoll, but do no damage.
You tail-slap the gnoll.
You kill the gnoll!
You feel sick.
You are no longer poisoned.
You block the gnoll's attack. The gnoll hits you but does no damage.
You block the gnoll's attack.
The gnoll hits you from afar with a +0 halberd!
You can now pass through a line of other dancers.
You slash the gnoll! You headbutt the gnoll.
You kill the gnoll!
You closely miss the gnoll. The gnoll hits you with a +0 club.
* * * LOW HITPOINT WARNING * * *
You block the gnoll's attack. The gnoll hits you but does no damage.
You block the gnoll's attack.
Your Invocations skill increases to level 1!
The gnoll hits you but does no damage. The gnoll hits you with a +0 halberd!
You die...

#.......###...####
#..###...........####
...# ##.#####...∩...#
..## #..###...#.##.#
# ##.....#...##.##
##.##..##....#.
#####.###....)....
#.g......###.##...
#@####...# #.###..
#.....g#
#...###....>.
#......#
#...#........
.........#
#(....######.
###......# #...### #.
#......# #...# ##
#......# #...# #
#!.....# #...# #...#


You could see 2 gnolls.

Vanquished Creatures
  Natasha (D:2)
  6 adders
  6 gnolls
  A worm (D:2)
  A dart slug (D:2)
  An orc (D:3)
  5 ball pythons
  2 bats
  6 endoplasms
  3 giant cockroaches (D:1)
  5 hobgoblins
  4 kobolds
  2 frilled lizards
  10 goblins
  6 rats
59 creatures vanquished.

Vanquished Creatures (others)
  A rat (D:2)
1 creature vanquished.

Grand Total: 60 creatures vanquished

Notes
Turn   | Place    | Note
-------+----------+-------------------------------------------
     0 | D:1      | lonewolfV2 the Demonspawn Fighter began the quest for the
                  | Orb.
     0 | D:1      | Reached XP level 1. HP: 18/18 MP: 1/1
    65 | D:1      | Discovered your monstrous ancestry.
    65 | D:1      | Gained mutation: You have a small tail. [demonic ancestry]
    65 | D:1      | Reached XP level 2. HP: 23/24 MP: 2/2
    95 | D:1      | Reached skill level 1 in Dodging
   219 | D:1      | Found a faded altar of an unknown god.
   577 | D:1      | Reached XP level 3. HP: 27/29 MP: 3/3
   832 | D:2      | Gained mutation: You have a pair of small horns on your
                  | head. [demonic ancestry]
   832 | D:2      | Reached XP level 4. HP: 22/35 MP: 4/4
  1067 | D:2      | Noticed Natasha
  1069 | D:2      | You fall into a shaft and drop 1 floor!
  1089 | D:3      | Found Jokut's Magic Scroll Shoppe.
  1243 | D:2      | Found a hide-covered altar of Uskayaw.
  1272 | D:2      | Became a worshipper of Uskayaw the Reveller
  1343 | D:2      | Reached * piety under Uskayaw
  1594 | D:2      | Reached ** piety under Uskayaw
  1595 | D:2      | Killed Natasha
  1596 | D:2      | Gained mutation: Spells you cast may paralyse adjacent
                  | enemies. [demonic ancestry]
  1596 | D:2      | Reached XP level 5. HP: 28/41 MP: 5/5
  1597 | D:2      | Reached *** piety under Uskayaw
  1825 | D:3      | Reached skill level 1 in Invocations
  1825 | D:3      | Slain by a gnoll

Illustrated notes

Levels and vault maps discovered:
D:1:      lemuel_arrival_river_ford, layout_loops_corners,
          ebering_ecumenical_altar_rust
D:2:      layout_loops_ring, basic_altar, uniq_natasha
D:3:      layout_rooms, serial_shops, shop, corexii_corridor_pit

Skill      XL: |  1  2  3  4  5 |
---------------+----------------+-----
Dodging        | 1 2 3 |  3.6
Armour         | 3 |  3.8
Invocations    | 1 |  1.0
Fighting       | |  3.0
Axes           | |  1.8
Shields        | |  2.7

Action                     |  1- 3 |  4- 6 || total
---------------------------+-------+-------++-------
  Melee: War axe           |    93 |    56 ||   149
         Tailslap          |     5 |     5 ||    10
         Headbutt          |       |     6 ||     6
    Use: Scroll            |     2 |     3 ||     5
         Potion            |     1 |       ||     1
 Armour: Scale mail        |    55 |    33 ||    88
  Dodge: Dodged            |    45 |    54 ||    99
  Block: Buckler           |    22 |    42 ||    64
